AoeStats
← Nick_618

Arena

510356846Analyzed
4v4 RM · 20h ago on Sep 30, 2026· 37m 20s· 8 players
Game mode
Random Map
Map size
Large (8 player)
Population
200
Speed
Normal
Resources
Standard
Victory
Conquest
Starting age
Dark Age
Ending age
Imperial Age
RankedLock teamsTeams togetherTeam positionsShared explorationLock speedFull tech treeHidden civsTurbo modeCheats
Victory
Defeat
🇨🇳 Shu · China
1174
+14
🇻🇳 Bengalis · Vietnam
1173
+14
🇨🇳 Spanish · China
1157
+15
🇹🇼 Cumans · Taiwan
1088
+18
🇩🇪 Danes · Germany
1174
-17
🇪🇸 Danes · Spain
1155
-16
🇬🇧 Italians · United Kingdom
1106
-14
🇵🇱 Byzantines · Poland
1105
-14
Lokatrox
7:07 Loom
10:12 Feudal Age
14:03 Castle Age
12:22 Double-Bit Axe
12:25 Horse Collar
15:45 Bow Saw
16:28 Heavy Plow
21:22 Wheelbarrow
21:01 Stone Mining
21:37 Gold Mining
22:24 Town Watch
22:55 Hand Cart
24:17 Stone Shaft Mining
24:20 Gold Shaft Mining
24:35 Loom
30:08 Imperial Age
28:16 Squires
28:02 Arson
28:21 Scale Mail Armor
28:31 Forging
29:17 Chain Mail Armor
29:17 Hamask
30:35 Iron Casting
30:12 Elite Jomsviking
31:15 Conscription
31:39 Plate Mail Armor
32:00 Siege Engineers
32:19 Onager
33:44 Fletching
34:57 Blast Furnace
33:47 Fletching
34:23 Ballistics
34:02 Northmen's Fury
35:16 Siege Onager
tiwaz55
11:24 Feudal Age
11:58 Double-Bit Axe
12:03 Loom
16:33 Castle Age
15:05 Stone Mining
15:00 Horse Collar
18:24 Bow Saw
19:29 Gold Mining
20:45 Heavy Plow
27:46 Imperial Age
26:02 Wheelbarrow
26:05 Fortified Wall
26:40 Coinage
27:54 Hand Cart
29:02 Banking
29:38 Chemistry
31:01 Gold Shaft Mining
31:46 Fletching
31:43 Treadmill Crane
32:28 Ballistics
31:48 Treadmill Crane
33:19 Stone Shaft Mining
ElSchlekko
11:34 Feudal Age
9:52 Loom
13:30 Double-Bit Axe
13:26 Horse Collar
15:49 Castle Age
14:13 Stone Mining
15:37 Forging
23:16 Scale Mail Armor
25:19 Bow Saw
31:09 Chain Mail Armor
35:56 Imperial Age
35:04 Gold Mining
35:51 Stone Shaft Mining
35:00 Man-at-Arms
35:25 Gambesons
35:41 Squires
35:27 Arson
35:45 Long Swordsman
37:06 Iron Casting
37:27 Gold Shaft Mining
36:56 Heavy Plow
Nick_618
10:49 Feudal Age
13:27 Horse Collar
17:22 Castle Age
15:31 Double-Bit Axe
18:44 Bow Saw
19:56 Heavy Plow
23:01 Gold Mining
25:08 Wheelbarrow
24:23 Loom
25:36 Fletching
25:46 Padded Archer Armor
29:01 Imperial Age
26:49 Stone Mining
27:18 Padded Archer Armor
27:41 Ballistics
28:33 Bodkin Arrow
29:21 Leather Archer Armor
29:57 Bracer
31:00 Chemistry
30:32 Thumb Ring
30:49 Hand Cart
30:24 Town Watch
31:09 Scale Mail Armor
30:34 Pikeman
31:46 Forging
33:31 Ring Archer Armor
33:04 Squires
32:32 Elite Genoese Crossbowman
34:32 Chain Mail Armor
oppppppfpppppp
12:07 Feudal Age
12:42 Double-Bit Axe
12:48 Horse Collar
20:22 Castle Age
21:43 Bow Saw
23:18 Heavy Plow
26:26 Imperial Age
25:13 Bloodlines
26:13 Wheelbarrow
29:01 Scale Barding Armor
29:07 Forging
30:14 Hand Cart
31:24 Crop Rotation
31:34 Chain Barding Armor
30:41 Capped Ram
32:30 Iron Casting
31:18 Cavalier
31:59 Gold Mining
32:45 Steppe Husbandry
32:23 Light Cavalry
33:12 Siege Ram
kw3dsky
11:28 Feudal Age
16:04 Castle Age
14:50 Stone Mining
15:40 Horse Collar
20:15 Double-Bit Axe
25:56 Wheelbarrow
25:31 Fletching
26:53 Bodkin Arrow
31:31 Imperial Age
29:19 Padded Archer Armor
34:03 Hand Cart
35:50 Leather Archer Armor
36:51 Bracer
37:48 Bow Saw
37:39 Heavy Plow
种田低手
10:33 Feudal Age
14:15 Castle Age
12:05 Double-Bit Axe
12:21 Horse Collar
17:06 Loom
20:33 Wheelbarrow
21:50 Bow Saw
27:00 Imperial Age
24:40 Heavy Plow
25:38 Hand Cart
25:09 Loom
25:09 Town Watch
25:16 Stone Mining
25:18 Gold Mining
27:08 Padded Archer Armor
27:56 Stone Shaft Mining
29:08 Chemistry
28:37 Leather Archer Armor
29:29 Two-Man Saw
29:07 Bloodlines
28:58 Husbandry
29:28 Guilds
29:50 Ring Archer Armor
30:06 Stone Shaft Mining
29:58 Conscription
28:59 Elite Conquistador
30:18 Fletching
30:40 Masonry
31:03 Coinage
33:14 Banking
35:01 Bodkin Arrow
35:37 Architecture
35:03 Murder Holes
1361331795
0:32 Loom
10:47 Feudal Age
15:18 Castle Age
13:10 Horse Collar
13:42 Double-Bit Axe
22:10 Heavy Plow
22:25 Bow Saw
25:09 Wheelbarrow
26:11 Hand Cart
26:03 Gold Mining
26:23 Thumb Ring
25:39 Crossbowman
28:01 Gold Shaft Mining
27:20 Town Watch
30:41 Imperial Age
28:22 Fletching
28:32 Padded Archer Armor
29:07 Bodkin Arrow
30:32 Ballistics
30:22 Fortified Wall
30:09 Murder Holes
31:19 Leather Archer Armor
30:45 Arbalester
31:49 Conscription
31:33 Bolt Magazine
32:52 Chemistry
33:24 Bracer
33:54 Ring Archer Armor
34:53 Siege Engineers
37:09 Caravan
37:11 Guard Tower
37:06 Arrowslits
Connection lost

Rejoining the realm…

Still unreachable

The connection could not be restored.

Session expired

The server has moved on; the page needs a fresh start.